 Dungeon Crawl Stone Soup version 0.19.5 (webtiles) character file.

11 equalderp2856 the Ducker (level 2, 0/11 HPs)
             Began as a Felid Ice Elementalist on Apr 1, 2017.
             Slain by a bat (1 damage)
             ... on level 1 of the Dungeon.
             The game lasted 00:00:43 (654 turns).

equalderp2856 the Ducker (Felid Ice Elementalist)    Turns: 654, Time: 00:00:44

Health: 0/11       AC:  1    Str:  4    XL:     2   Next: 17%
Magic:  6/6        EV: 18    Int: 16    God:
Gold:   23         SH:  0    Dex: 16    Spells: 1 memorised, 4 levels left
                                        Lives:  0   Deaths: 0

rFire  . . .     SeeInvis +     (weapon unavailable)
rCold  . . .     Gourm    .     (armour unavailable)
rNeg   . . .     Faith    .     (shield unavailable)
rPois  .         Spirit   .     (helmet unavailable)
rElec  .         Reflect  .     (cloak unavailable)
rCorr  .         Harm     .     (gloves unavailable)
MR     .....                    (boots unavailable)
Stlth  +++.......               (no amulet)
                                (no ring)
                                (no ring)

@: quick
A: no armour, no weapons or thrown items, stealth, claws 1, fangs 3, see
invisible, carnivore 3, speed 1, shaggy fur 1, slow metabolism 1, sharp paws
a: no special abilities


You were on level 1 of the Dungeon.
You were not hungry.

You visited 1 branch of the dungeon, and saw 1 of its levels.

You collected 23 gold pieces.

Inventory:

Jewellery
 e - an uncursed amulet of the gourmand {unknown}
 f - a +3 amulet of reflection {unknown}
Scrolls
 c - a scroll of noise {unknown}
 d - a scroll of remove curse {unknown}
Books
 a - a book of Frost

   Spells                             Type                      Level
   a - Freeze                         Ice                          1
   b - Throw Frost                    Conjuration/Ice              2
   c - Ozocubu's Armour               Charms/Ice                   3
   d - Throw Icicle                   Conjuration/Ice              4
   e - Summon Ice Beast               Ice/Summoning                4
Comestibles
 b - 2 meat rations


   Skills:
 + Level 3.1 Dodging
 + Level 3.0 Stealth
 + Level 0.2 Unarmed Combat
 + Level 2.1 Spellcasting
   Level 0.8 Conjurations
 + Level 2.9 Ice Magic


You had 4 spell levels left.
You knew the following spells:

 Your Spells              Type           Power        Failure   Level  Hunger
a - Freeze                Ice            ##..         10%         1    #......


Dungeon Overview and Level Annotations

Branches:
Dungeon (1/15)

Altars:


Innate Abilities, Weirdness & Mutations

You cannot wear armour.
You are incapable of wielding weapons or throwing items.
Your paws allow you to move quietly. (Stealth)
You have sharp claws.
You have razor-sharp teeth.
You have supernaturally acute eyesight. (SInv)
You are carnivorous and can eat meat at any time.
You cover ground quickly.
You are covered in fur. (AC +1)
You have a slow metabolism.
Your sharp claws are effective at attacking unaware monsters.


Message History

You are too injured to fight recklessly!
You are too injured to fight recklessly!
You are too injured to fight recklessly!
You are too injured to fight recklessly!
You are too injured to fight recklessly!
You are too injured to fight recklessly!
You are too injured to fight recklessly!
You are too injured to fight recklessly!
You are too injured to fight recklessly!
You are too injured to fight recklessly!
You are too injured to fight recklessly!
You are too injured to fight recklessly!
You are too injured to fight recklessly!
You are too injured to fight recklessly!
You are too injured to fight recklessly!
You are too injured to fight recklessly!
You barely miss the kobold. The bat barely misses you.
The kobold closely misses you. The hobgoblin misses you. The kobold misses you.
You closely miss the kobold. The bat hits you.
You die...

# #.# #.# #.# #.# ##'##
#.##### ##...## #.....#
##.....## ### #.###.#
##.......####..##..##
#.........##........#.#
+.........+...........#
#.>.............@K...##
##.......###...gKb..##
##.....## #.....>..#
##...## #..........#
##'## #..........# #.#
##........##
#.#######..##..##
##......###. .##
##...###.#


You could see a hobgoblin, a bat and 2 kobolds.

Vanquished Creatures
  A dart slug (D:1)
  A ball python (D:1)
  2 bats (D:1)
  3 jackals (D:1)
  A kobold (D:1)
8 creatures vanquished.

Notes
Turn   | Place    | Note
-------+----------+-------------------------------------------
     0 | D:1      | equalderp2856 the Felid Ice Elementalist began the quest for the Orb.
     0 | D:1      | Reached XP level 1. HP: 7/7 MP: 4/4
   100 | D:1      | Reached XP level 2. HP: 2/11 MP: 6/6
   654 | D:1      | Slain by a bat

Skill      XL: |  1 |
---------------+----+-----
Dodging        | 3 |  3.1
Stealth        | 3 |  3.0
Unarmed Combat | |  0.2
Spellcasting   | |  2.1
Conjurations   | |  0.8
Ice Magic      | |  2.9

Action                   || total
-------------------------++-------
Melee: Unarmed           ||    31
       Bite              ||     5
 Stab: Sleeping          ||     5
Armor: Skin              ||     2
Dodge: Dodged            ||    24
